 Dungeon Crawl Stone Soup version 0.27.1 (webtiles) character file.

Game seed: 13816285647778180169

893 Atelerd the Digger (level 8, 0/46 HPs)
             Began as an Octopode Earth Elementalist on Sept 1, 2021.
             Slain by an orc wizard (2 damage)
             ... on level 5 of the Dungeon.
             The game lasted 00:04:14 (5141 turns).

Atelerd the Digger (Octopode Earth Elementalist)    Turns: 5141, Time: 00:04:16

Health: 0/46       AC:  1    Str: 14    XL:     8   Next: 6%
Magic:  15/15      EV: 13    Int: 19    God:
Gold:   175        SH:  0    Dex: 12    Spells: 12/17 levels left

rFire    . . .     SeeInvis +   i - +0 dagger
rCold    . . .     Faith    .   (no shield)
rNeg     . . .     Spirit   .   (helmet restricted)
rPois    .         Reflect  .   (no amulet)
rElec    .         Harm     .   f - +6 ring of strength
rCorr    .         Rampage  .   n - ring of see invisible
Will     .....                  (no ring)
Stlth    ++........             (no ring)
HPRegen  0.15/turn              (no ring)
MPRegen  0.14/turn              (no ring)
                                (no ring)
                                (no ring)

@: confused, brilliant
A: almost no armour, amphibious, 8 rings, camouflage 1, gelatinous body 1,
(nimble swimmer 1), tentacles
a: no special abilities


You were on level 5 of the Dungeon.
You visited 1 branch of the dungeon, and saw 5 of its levels.

You collected 175 gold pieces.

Inventory:

Hand Weapons
 i - a +0 dagger (weapon)
Missiles
 b - 66 stones
 g - 2 throwing nets
Jewellery
 f - a +6 ring of strength (left tentacle)
 n - a ring of see invisible (right tentacle)
Scrolls
 c - a scroll of noise {unknown}
 e - 3 scrolls of identify {unknown}
 h - a scroll of brand weapon {unknown}
 j - 2 scrolls of fear {unknown}
 l - 2 scrolls of amnesia {unknown}
 p - a scroll of teleportation {unknown}
Potions
 a - a potion of brilliance
 d - a potion of haste {unknown}
 k - a potion of flight {unknown}
 m - a potion of heal wounds {unknown}
 o - a potion of mutation {unknown}


   Skills:
 + Level 2.6 Dodging
 + Level 3.7 Stealth
 + Level 5.2 Spellcasting
 - Level 4.0 Transmutations
 - Level 6.0 Earth Magic


You had 12 spell levels left.
You knew the following spells:

 Your Spells              Type           Power      Damage    Failure   Level
a - Sandblast             Erth           82%        2d17      1%          1
p - Petrify               Tmut/Erth      35%        N/A       16%         4

Your spell library contained the following spells:

 Spells                   Type           Power      Damage    Failure   Level
 Passwall                 Tmut/Erth      29%        N/A       2%          2
 Stone Arrow              Conj/Erth      48%        3d10      11%         3
 Call Imp                 Summ           7%         N/A       19%         2
 Summon Mana Viper        Hex/Summ       7%         N/A       98%         5
 Shadow Creatures         Summ           N/A        N/A       100%        6
 Spellforged Servitor     Conj/Summ      3%         N/A       100%        7


Dungeon Overview and Level Annotations

Branches:
Dungeon (5/15)
 Temple: D:4-7

Altars:
Dithmenos

Annotations:
D:4 exclusion: downstairs


Innate Abilities, Weirdness & Mutations

You cannot wear most types of armour.
You are amphibious.
You can wear up to eight rings at the same time.
Your skin changes colour to match your surroundings (Stealth+).
Your rubbery body absorbs attacks. (AC +1, EV +1)
((You are camouflaged near water. (Stealth+)))
You have tentacles for arms and can constrict up to eight enemies at once.


Message History

Aim: an orc, wielding a +0 flail and wearing a +0 leather armour (81% to hit)
The blast of sand hits the orc.
The orc is moderately wounded.
You constrict the orc wizard.
The orc wizard gestures at you while chanting.
The magic dart hits you.
You release your grip on the orc wizard.
The orc hits you but does no damage.
You hit the orc wizard. You grab the orc wizard.
The orc wizard is moderately wounded.
You constrict the orc wizard, but do no damage.
The orc closely misses you. The orc wizard closely misses you.
You release your grip on the orc wizard.
The orc wizard points at you and mumbles some strange words.
The magic dart hits the orc wizard.
The orc wizard casts a spell at you.
You are confused.
The orc wizard gestures wildly while chanting.
The orc wizard flickers and vanishes for a moment.
The orc warrior throws a boomerang.
The boomerang barely misses you.
The orc wizard hits you with a +0 dagger of speed.
The orc wizard closely misses you.
The orc warrior hits you with a +0 short sword!
The orc hits you with a +0 flail!
The orc wizard gestures at you while chanting.
You resist with some effort. The orc wizard casts a spell at you.
The puff of flame hits you.
You're too confused to move!
The orc warrior hits you with a +0 short sword!
* * * LOW HITPOINT WARNING * * *
The orc wizard closely misses you. The orc wizard misses you.
Unknown command.
It was a potion of brilliance.
You feel clever all of a sudden.
The orc warrior hits you with a +0 short sword!
* * * LOW HITPOINT WARNING * * *
The orc misses you.
The orc wizard hits you with a +0 dagger of speed.
You die...

#........#
#........## ##.
#.........##....
#...............
#...........)..
#...!.......... .
##...........# ..
###<....o......##...
#.......@o..........
..##...ooo..........
## #...............#
##.............##
##########.#### ##


You could see an orc warrior, 3 orc wizards and an orc.

Vanquished Creatures
  A wyvern (D:4)
  A black bear (D:4)
  An ice beast (D:5)
  An ogre (D:4)
  A phantom (D:4)
  2 scorpions (D:4)
  3 hounds
  A bullfrog skeleton (D:3)
  2 iguanas
  4 gnolls
  7 adders
  An adder skeleton (D:4)
  A dart slug (D:1)
  2 worms
  An orc (D:4)
  3 bats
  An endoplasm (D:3)
  A giant cockroach (D:2)
  A goblin (D:3)
  3 hobgoblins
  4 jackals (D:1)
  2 kobolds (D:4)
  A quokka (D:4)
  4 ball pythons
  A frilled lizard (D:3)
  3 rats
53 creatures vanquished.

Notes
Turn   | Place    | Note
-------+----------+-------------------------------------------
     0 | D:1      | Atelerd the Octopode Earth Elementalist began the quest for
                  | the Orb.
     0 | D:1      | Reached XP level 1. HP: 11/11 MP: 3/3
    27 | D:1      | Found a faded altar of an unknown god.
    77 | D:1      | Reached XP level 2. HP: 6/17 MP: 3/5
  1074 | D:1      | Reached XP level 3. HP: 14/21 MP: 6/6
  1521 | D:2      | Found a shadowy altar of Dithmenos.
  2275 | D:3      | Reached XP level 4. HP: 14/27 MP: 6/8
  2753 | D:3      | Reached skill level 4 in Earth Magic
  2753 | D:3      | Reached XP level 5. HP: 25/31 MP: 4/9
  2849 | D:3      | You fall into a shaft and drop 1 floor!
  3077 | D:4      | Noticed a black bear
  3084 | D:4      | Killed a black bear
  3164 | D:4      | Noticed a wyvern
  3174 | D:4      | Learned a level 4 spell: Petrify
  3264 | D:3      | Reached XP level 6. HP: 33/36 MP: 6/11
  3617 | D:4      | Got Dispater's Tome of Companions
  4137 | D:4      | Reached skill level 5 in Earth Magic
  4137 | D:4      | Reached XP level 7. HP: 41/41 MP: 1/13
  4331 | D:4      | Killed a wyvern
  4511 | D:4      | Reached skill level 5 in Spellcasting
  4511 | D:4      | Reached skill level 6 in Earth Magic
  4724 | D:5      | Entered Level 5 of the Dungeon
  5049 | D:5      | Reached XP level 8. HP: 46/46 MP: 11/15
  5141 | D:5      | HP: 2/46 [orc warrior (8)]
  5141 | D:5      | Slain by an orc wizard

Illustrated notes

Levels and vault maps discovered:
D:1:      giann_forest_graveyard, layout_basic,
          hellmonk_ecumenical_altar_crossroads, chequers_serial_rivers_small_b,
          minmay_curled_crystal
D:2:      layout_basic, basic_altar
D:3:      cheibrodos_old_hovel, layout_rooms
D:4:      layout_rooms, serial_bayou_pond_a
D:5:      layout_cave_pods, nicolae_uskayaw_en_pointe

Skill      XL: |  1  2  3  4  5  6  7 |
---------------+----------------------+-----
Transmutations | 2 3 4 |  4.0
Spellcasting   | 3 4 5 |  5.2
Earth Magic    | 4 5 6 |  6.0
Stealth        | 3 |  3.7
Dodging        | |  2.6

Action                   |  1- 3 |  4- 6 |  7- 9 || total
-------------------------+-------+-------+-------++-------
Melee: Unarmed           |    45 |       |       ||    45
       Constrict         |    15 |     7 |    10 ||    32
       Tentacles         |     9 |     6 |    11 ||    26
       Dagger            |     8 |    27 |    46 ||    81
 Cast: Sandblast         |    17 |    44 |     9 ||    70
       Petrify           |       |     3 |     5 ||     8
  Use: Potion            |       |       |     1 ||     1
 Stab: Sleeping          |     5 |     1 |       ||     6
       Petrified         |       |     7 |    14 ||    21
       Petrifying        |       |       |     1 ||     1
Armor: Skin              |     8 |     5 |     5 ||    18
Dodge: Dodged            |    35 |    24 |    27 ||    86
